 Dungeon Crawl Stone Soup version 0.30-a0-808-g6e0788376e (webtiles) character file.

Game seed: 4244506749481405850

2022 cforsyth the Covert (level 9, -3/91 HPs)
             Began as a Kobold Brigand on Feb 25, 2023.
             Was an Initiate of Hepliaklqana.
             Slain by a vampire (5 damage)
             ... on level 7 of the Dungeon.
             The game lasted 00:10:24 (6945 turns).

cforsyth the Covert (Kobold Brigand)                Turns: 6945, Time: 00:10:24

Health: -3/91      AC: 28    Str:  7    XL:     9   Next: 47%
Magic:  9/9        EV:  3    Int: 16    God:    Hepliaklqana [......]
Gold:   371        SH:  0    Dex: 26    Spells: 8/8 levels left

rFire   + . .      SeeInvis .    l - +3 short sword (speed)
rCold   + . .      Faith    .    (no shield)
rNeg    . . .      Spirit   .    (body armour currently unavailable)
rPois   +          Reflect  .    (helmet currently unavailable)
rElec   +          Harm     .    (cloak currently unavailable)
rCorr   +          Rampage  .    (gloves currently unavailable)
Will    .....      NoTele   +    (boots currently unavailable)
Stlth   ++++++                   (no amulet)
HPRegen 0.35/turn                x - +4 ring of protection
MPRegen 0.11/turn                v - +6 ring of dexterity

@: brilliant, tree-form, resistant, attractive, invisible
A: stationary, stasis, torment immunity, boosted hp, small, no large weapons,
nightstalker 3, clever 1, (poison resistance), robust 1, screaming 1
a: Renounce Religion


You were on level 7 of the Dungeon.
You worshipped Hepliaklqana.
Hepliaklqana was noncommittal.
You were a tree.
You visited 2 branches of the dungeon, and saw 8 of its levels.
You also visited: Sewer.

You collected 371 gold pieces.

Inventory:

Hand Weapons
 a - a +2 dagger
 l - a +3 short sword of speed (weapon)
 F - a +5 short sword
Missiles
 d - 38 poisoned darts (quivered)
 e - 4 curare-tipped darts
 y - 6 atropa-tipped darts
 M - 2 throwing nets
Armour
 b - a +0 robe (melded)
 c - a +0 cloak (melded)
 p - a +2 pair of gloves (melded)
 s - a +0 helmet (melded)
 C - a +0 pair of boots (melded)
Jewellery
 i - a ring of protection from fire
 u - a ring of flight
 v - a +6 ring of dexterity (right branch)
 x - a +4 ring of protection (left branch)
 B - a +6 ring of strength
Wands
 L - a wand of polymorph (9)
 N - a wand of quicksilver (8)
 O - a wand of charming (11)
Scrolls
 f - 2 scrolls of silence
 h - a scroll of fog
 j - 3 scrolls of identify
 m - 2 scrolls of poison
 q - a scroll of blinking
 A - 3 scrolls of enchant weapon
 H - 2 scrolls of enchant armour
 I - 4 scrolls of teleportation
Potions
 k - 2 potions of curing
 n - 3 potions of might
 o - a potion of cancellation
 r - 3 potions of mutation
 w - a potion of haste
 z - 2 potions of ambrosia


   Skills:
 + Level 6.8 Fighting
 + Level 8.2 Short Blades
 - Level 2.1 Throwing
 + Level 7.1 Dodging
 + Level 9.9 Stealth


You had 8 spell levels left.
You didn't know any spells.
Your spell library contained the following spells:

 Spells                   Type           Power      Damage    Failure   Level
 Apportation              Tloc           0%         N/A       26%         1
 Necrotise                Necr           0%         1d4       26%         1
 Summon Small Mammal      Summ           0%         N/A       26%         1


Dungeon Overview and Level Annotations

Branches:
Dungeon (7/15)             Temple (1/1) D:5           Sewer (visited)

Altars:
Ashenzari
Cheibriados
Elyvilon
Fedhas
Hepliaklqana
Kikubaaqudgha
Makhleb
Nemelex Xobeh
Okawaru
Qazlal
Ru
Trog
Vehumet
Wu Jian
Yredelemnul
The Shining One

Shops:
D:3 :


Innate Abilities, Weirdness & Mutations

You are a tree.
Your roots penetrate the ground, keeping you stationary.
You cannot be teleported.
You are immune to unholy pain and torment.
Your maximum health is greatly increased.
Your equipment is partially melded.
You are small and have problems with some larger weapons.
You are completely attuned to the shadows.
Your mind is acute. (Int +4, Str/Dex -1)
((Your system is resistant to poisons. (rPois)))
You are robust. (+10% HP)
You occasionally shout uncontrollably at your foes.


Message History

Something completely misses you. Something bites you but does no damage.
It was a potion of resistance.
You feel protected.
You hear some strange, mumbled words.
Something tries to affect you, but you resist.
You cannot move.
You cannot move.
You cannot move.
You cannot move.
You cannot move.
You cannot move.
You cannot move.
You cannot move.
You cannot move.
You cannot move.
You cannot move.
You cannot move.
You cannot move.
You cannot move.
You cannot move.
You hit something. You hit something but do no damage. You hit something.
Something hits you.
* * * LOW HITPOINT WARNING * * *
Something bites you but does no damage.
You barely miss something. You hit something but do no damage.
You barely miss something. Something hits you.
* * * LOW HITPOINT WARNING * * *
Something bites you but does no damage.
Unknown command.
You hit something. You puncture something! You hit something but do no damage.
Something hits you but does no damage. Something bites you but does no damage.
You hit something. You hit something. You barely miss something.
You hit something. Something hits you.
You die...

...##.....
#...#####
###.####
#....###
####...####
###....### #
####...#≈#
#########..≈#
...{♣......≈≈≈
##############


There were no monsters in sight!

Vanquished Creatures
  Sigmund (D:6)
  A steam dragon (D:4)
  An orc warrior (D:5)
  2 black bears
  An ogre (D:4)
  2 phantoms
  2 kobold brigands (D:6)
  A bullfrog (D:6)
  A scorpion (D:6)
  5 wights (D:4)
  2 hounds (D:5)
  A gnoll bouda (D:6)
  6 jellies
  An orc priest (D:5)
  3 orc wizards (D:5)
  3 iguanas
  6 gnolls (D:6)
  7 adders
  2 river rats (Sewer)
  A worm (Sewer)
  7 dart slugs
  9 orcs
  14 ball pythons
  6 bats
  14 endoplasms
  7 giant cockroaches
  3 goblins
  4 hobgoblins
  4 jackals (D:3)
  6 quokkas
  6 frilled lizards
  23 kobolds
  8 rats
160 creatures vanquished.

Vanquished Creatures (others)
  2 hobgoblins
2 creatures vanquished.

Grand Total: 162 creatures vanquished

Notes
Turn   | Place    | Note
-------+----------+-------------------------------------------
     0 | D:1      | cforsyth the Kobold Brigand began the quest for the Orb.
     0 | D:1      | Reached XP level 1. HP: 12/12 MP: 1/1
   162 | D:1      | Reached XP level 2. HP: 6/18 MP: 2/2
   367 | D:1      | Reached XP level 3. HP: 22/22 MP: 3/3
   932 | D:2      | Noticed an ogre
  1225 | D:2      | Reached XP level 4. HP: 27/27 MP: 4/4
  1370 | D:2      | Reached skill level 6 in Stealth
  2034 | D:3      | Found a glowing drain.
  2040 | Sewer    | Entered a sewer
  2078 | Sewer    | Reached XP level 5. HP: 32/32 MP: 5/5
  2601 | Sewer    | Reached XP level 6. HP: 27/37 MP: 6/6
  2963 | Sewer    | Found a viscous altar of Jiyva.
  3111 | D:3      | Found Axoxtu's Book Shop.
  3479 | D:4      | Noticed an ogre
  3484 | D:4      | Killed an ogre
  3485 | D:4      | Reached skill level 5 in Short Blades
  3485 | D:4      | Reached skill level 7 in Stealth
  3485 | D:4      | Reached XP level 7. HP: 43/43 MP: 7/7
  3638 | D:4      | Noticed a steam dragon
  4078 | D:4      | Killed a steam dragon
  4351 | D:4      | Reached XP level 8. HP: 38/48 MP: 8/8
  4357 | D:4      | Reached skill level 5 in Fighting
  4357 | D:4      | Reached skill level 5 in Dodging
  4357 | D:4      | Reached skill level 8 in Stealth
  4823 | D:5      | Entered Level 5 of the Dungeon
  5108 | D:5      | Reached skill level 9 in Stealth
  5138 | D:5      | Found a staircase to the Ecumenical Temple.
  5144 | Temple   | Entered the Ecumenical Temple
  5750 | D:5      | Reached XP level 9. HP: 55/55 MP: 9/9
  6041 | D:6      | Noticed Sigmund
  6055 | D:6      | Killed Sigmund
  6287 | D:6      | Found a hazy altar of Hepliaklqana.
  6421 | D:6      | Became a worshipper of Hepliaklqana the Forgotten
  6920 | D:7      | HP: 2/56 [something (10)]
  6921 | D:7      | Gained mutation: You are robust. (+10% HP) [potion of
                  | mutation]
  6921 | D:7      | Gained mutation: You occasionally shout uncontrollably at
                  | your foes. [potion of mutation]
  6921 | D:7      | Gained mutation: Your mind is acute. (Int +4, Str/Dex -1)
                  | [potion of mutation]
  6921 | D:7      | Gained mutation: Your system is resistant to poisons.
                  | (rPois) [potion of mutation]
  6935 | D:7      | HP: 3/91 [something (6)]
  6945 | D:7      | Slain by a vampire

Illustrated notes

Levels and vault maps discovered:
D:1:      moated_graveyard_arrival, layout_basic, hex_intersection
D:2:      layout_basic, minmay_divided_ellipse
D:3:      layout_rooms, cheibrodos_sewer_entry_sluice, serial_shops,
          nicolae_shop_trees
D:4:      layout_loops_cross, patterned_corridor
D:5:      layout_loops_ring, minmay_temple_entry_hall
D:6:      layout_loops_ring, worldfamousw_hep_ancestral_shrine, nrook_uturn,
          uniq_sigmund
D:7:      layout_rooms, nicolae_overflow_two_pavilions, led_xom_imps,
          enter_bailey_5, kennysheep_nub
Temple:   regret_index_temple_waves

Skill      XL: |  1  2  3  4  5  6  7  8  9 |
---------------+----------------------------+-----
Short Blades   | 3 4 5 6 7 8 |  8.2
Dodging        | 2 3 4 6 7 |  7.1
Fighting       | 3 4 6 |  6.8
Stealth        | 6 7 9 |  9.9
Throwing       | |  2.1

Action                     |  1- 3 |  4- 6 |  7- 9 || total
---------------------------+-------+-------+-------++-------
  Melee: Dagger            |    41 |       |       ||    41
         Punch             |     2 |     1 |     2 ||     5
         Short sword       |    34 |   169 |   291 ||   494
         Unarmed           |       |       |    13 ||    13
    Use: Scroll            |       |     7 |     6 ||    13
         Potion            |       |     1 |    10 ||    11
   Stab: Sleeping          |    16 |    35 |    20 ||    71
         Distracted        |       |       |     2 ||     2
 Armour: Robe              |    13 |    24 |    29 ||    66
         Skin              |       |       |     7 ||     7
  Dodge: Dodged            |    41 |    67 |   121 ||   229

Table legend: (Time is in decaauts)
 A = Elapsed time spent in this place.
 B = Non-inter-level travel time spent in this place.
 C = Inter-level travel time spent in this place.
 D = Time resting spent in this place.
 E = Time spent auto-exploring this place.
 F = Levels seen in this place.
 G = Mean time per level.
                   A        B        C        D        E       F      G
               +--------+--------+--------+--------+--------+-----+--------+
         Total |   6686 |   6399 |    287 |    995 |   4191 |   9 |  742.9 |
       Dungeon |   5484 |   5240 |    244 |    413 |   3803 |   7 |  783.4 |
        Temple |    256 |    214 |     42 |      0 |    200 |   1 |  256.0 |
         Sewer |    945 |    945 |      0 |    582 |    188 |   1 |  945.0 |
               +--------+--------+--------+--------+--------+-----+--------+

Top non-repeatable levels by time:
     D:4: 1319 daAuts
     D:2: 1100 daAuts
     D:6: 1036 daAuts
   Sewer: 945 daAuts
     D:1: 802 daAuts
     D:5: 673 daAuts
     D:3: 493 daAuts
  Temple: 256 daAuts
     D:7: 57 daAuts
